[Event "22nd ETCC Women 2019"]
[Site "Batumi"]
[Date "2019.10.27"]
[Round "4.25"]
[White "Georgescu, Lena"]
[Black "Machlik, Edit"]
[Result "1-0"]
[ECO "B12"]
[WhiteElo "2271"]
[BlackElo "2062"]
[Annotator "NA"]
[PlyCount "79"]
[EventDate "2019.10.24"]
[EventType "team-tourn"]
[EventCountry "GEO"]
[SourceTitle "playchess.com"]
[Source "ChessBase"]
[SourceQuality "1"]
[WhiteTeam "Switzerland"]
[BlackTeam "Norway"]
[WhiteTeamCountry "SUI"]
[BlackTeamCountry "NOR"]
[TimeControl "40/5400+30:1800+30"]

1. e4 c6 2. d4 d5 3. e5 Bf5 4. h4 h5 5. Bd3 Bxd3 6. Qxd3 e6 7. Bg5 Qb6 8. Nd2 Qa6 9. c4 Bb4 10. b3 Nd7 11. Ngf3 Ne7 12. O-O Nf5 13. Rfd1 f6 14. Bf4 Kf7 15. Nf1 Nb6 16. Rac1 Rac8 17. Ne3 Nxe3 18. fxe3 f5 19. Qb1 Ba3 20. Rc2 Nd7 21. Rf1 g6 22. Qe1 b5 23. c5 Qb7 24. Qg3 Rhg8 25. Bg5 Qc7 26. Ne1 Qb8 27. Nd3 a5 28. Nf4 Bb4 29. Bf6 Qc7 30. Qg5 Rce8 31. Rf3 a4 32. Re2 axb3 33. axb3 Qa7 34. Rg3 Qa1+ 35. Kf2 Bxc5 36. Qh6 Nxf6 37. exf6 Bd6 38. Qh7+ Kxf6 39. Rxg6+ Rxg6 40. Nxh5# 1-0

[Event "22nd ETCC Women 2019"]
[Site "Batumi"]
[Date "2019.10.27"]
[Round "4.26"]
[White "Zawadzka, Jolanta"]
[Black "Efroimski, Marsel"]
[Result "1-0"]
[ECO "B15"]
[WhiteElo "2406"]
[BlackElo "2317"]
[Annotator "NA"]
[PlyCount "75"]
[EventDate "2019.10.24"]
[EventType "team-tourn"]
[EventCountry "GEO"]
[SourceTitle "playchess.com"]
[Source "ChessBase"]
[SourceQuality "1"]
[WhiteTeam "Poland"]
[BlackTeam "Israel"]
[WhiteTeamCountry "POL"]
[BlackTeamCountry "ISR"]
[TimeControl "40/5400+30:1800+30"]

1. e4 c6 2. d4 d5 3. Nd2 dxe4 4. Nxe4 Nf6 5. Nxf6+ exf6 6. c3 Bd6 7. Bd3 O-O 8. Ne2 Re8 9. O-O Na6 10. Bf4 Nc7 11. Bg3 Ne6 12. Qc2 g6 13. Rad1 Ng7 14. c4 Bf5 15. Nc3 Bxg3 16. hxg3 Qc7 17. d5 Re5 18. b4 Rd8 19. Qb3 Bxd3 20. Rxd3 Qe7 21. a3 Ne8 22. Qd1 c5 23. Qa4 b6 24. Nb5 Nd6 25. Nxd6 Rxd6 26. bxc5 bxc5 27. Qa5 Rd7 28. Rb3 Qf8 29. Rfb1 Qh6 30. g4 Rde7 31. d6 Rd7 32. Qc7 Rxc7 33. dxc7 Qd2 34. c8=Q+ Kg7 35. Rb8 Re1+ 36. Rxe1 Qxe1+ 37. Kh2 Qe5+ 38. g3 1-0

[Event "22nd ETCC Women 2019"]
[Site "Batumi"]
[Date "2019.10.27"]
[Round "4.26"]
[White "Johnsen, Sylvia"]
[Black "De Seroux, Camille"]
[Result "1/2-1/2"]
[ECO "B50"]
[WhiteElo "1898"]
[BlackElo "2140"]
[Annotator "NA"]
[PlyCount "151"]
[EventDate "2019.10.24"]
[EventType "team-tourn"]
[EventCountry "GEO"]
[SourceTitle "playchess.com"]
[Source "ChessBase"]
[SourceQuality "1"]
[WhiteTeam "Norway"]
[BlackTeam "Switzerland"]
[WhiteTeamCountry "NOR"]
[BlackTeamCountry "SUI"]
[TimeControl "40/5400+30:1800+30"]

1. e4 c5 2. Nf3 d6 3. Bc4 Nc6 4. c3 Nf6 5. d3 e6 6. Qe2 Be7 7. Bb3 O-O 8. O-O b6 9. Bc2 Ba6 10. a4 Rc8 11. Na3 Re8 12. Nb5 Qd7 13. d4 cxd4 14. Nfxd4 Bb7 15. Nxc6 Bxc6 16. Nd4 Ba8 17. a5 Qb7 18. a6 Qb8 19. f3 Rc5 20. Nb5 Bf8 21. Be3 Rcc8 22. Bg5 Nd7 23. f4 d5 24. e5 Nc5 25. Rfd1 Ne4 26. Bxe4 dxe4 27. Nd6 b5 28. Nxb5 Bd5 29. Nd4 Qb6 30. Rd2 Bc4 31. Qxe4 Bxa6 32. f5 exf5 33. Qxf5 Rc5 34. Bf4 f6 35. Qd7 Re7 36. Qd6 fxe5 37. Rxa6 Qxd6 38. Rxd6 exf4 39. Ra6 Rd5 40. Kf2 g6 41. Re2 Rxe2+ 42. Kxe2 Bc5 43. Kd3 Bb6 44. b4 Rh5 45. h3 Rg5 46. Ra2 Rg3+ 47. Nf3 g5 48. c4 h5 49. Ke4 g4 50. hxg4 hxg4 51. c5 gxf3 52. gxf3 Rh3 53. cxb6 axb6 54. Rg2+ Kf7 55. Kxf4 Rh5 56. Rg5 Rh4+ 57. Rg4 Rh5 58. Ke4 Rb5 59. Rf4+ Ke6 60. Kd3 Rh5 61. Rd4 Rh3 62. Ke4 Rh1 63. Rc4 Re1+ 64. Kf4 Kd5 65. Re4 Rf1 66. Kg4 b5 67. Rf4 Rc1 68. Kf5 Rc4 69. Re4 Rc3 70. f4 Rh3 71. Re8 Kc4 72. Re4+ Kd5 73. Re1 Rb3 74. Rd1+ Kc4 75. Ke6 Kxb4 76. f5 1/2-1/2

[Event "22nd ETCC Women 2019"]
[Site "Batumi"]
[Date "2019.10.27"]
[Round "4.27"]
[White "Klinova, Masha"]
[Black "Cyfka, Karina"]
[Result "0-1"]
[ECO "C55"]
[WhiteElo "2277"]
[BlackElo "2412"]
[Annotator "NA RC"]
[PlyCount "79"]
[EventDate "2019.10.24"]
[EventType "team-tourn"]
[EventCountry "GEO"]
[SourceTitle "playchess.com"]
[Source "ChessBase"]
[SourceQuality "1"]
[WhiteTeam "Israel"]
[BlackTeam "Poland"]
[WhiteTeamCountry "ISR"]
[BlackTeamCountry "POL"]
[TimeControl "40/5400+30:1800+30"]

1. e4 e5 2. Nf3 Nc6 3. Bc4 Nf6 4. d3 h6 5. O-O d6 6. a4 g5 7. Be3 Bg7 8. Nc3 O-O 9. Nd2 Ne7 10. f3 c6 11. d4 Ng4 12. fxg4 exd4 13. Qf3 Be6 14. Bxd4 Bxd4+ 15. Kh1 Ng6 16. Qd3 Be5 17. Bxe6 fxe6 18. Nc4 Qe7 19. Nxe5 Nxe5 20. Qe2 Rxf1+ 21. Rxf1 Rf8 22. h3 Rxf1+ 23. Qxf1 Kg7 24. Qf2 b6 25. Qd2 Nf7 26. Ne2 Qf6 27. c3 c5 28. Qd3 Qe7 29. Ng1 Ne5 30. Qe2 Qd7 31. Qa6 Qf7 32. Qe2 Qf4 33. Nf3 Nxf3 34. gxf3 Qg3 35. Qd3 Kf6 36. b4 Ke5 37. bxc5 bxc5 38. c4 Qf2 39. Qc3+ Kf4 40. Qc1+ 0-1

[Event "22nd ETCC Women 2019"]
[Site "Batumi"]
[Date "2019.10.27"]
[Round "4.27"]
[White "Pellicoro, Nathalie"]
[Black "Kyrkjebo, Hanna B."]
[Result "0-1"]
[ECO "C50"]
[WhiteElo "1967"]
[BlackElo "1949"]
[Annotator "NA"]
[PlyCount "66"]
[EventDate "2019.10.24"]
[EventType "team-tourn"]
[EventCountry "GEO"]
[SourceTitle "playchess.com"]
[Source "ChessBase"]
[SourceQuality "1"]
[WhiteTeam "Switzerland"]
[BlackTeam "Norway"]
[WhiteTeamCountry "SUI"]
[BlackTeamCountry "NOR"]
[TimeControl "40/5400+30:1800+30"]

1. e4 e5 2. Nf3 Nc6 3. Bc4 Bc5 4. d3 Nf6 5. Bg5 d6 6. c3 h6 7. Bh4 g5 8. Bg3 a6 9. b4 Ba7 10. a4 Ne7 11. Nbd2 Ng6 12. b5 O-O 13. O-O a5 14. Re1 Qe7 15. d4 h5 16. h4 g4 17. dxe5 dxe5 18. Ng5 Nh7 19. Nxh7 Kxh7 20. Bd5 Nxh4 21. Nc4 Ng6 22. Kf1 h4 23. Bh2 Qf6 24. f3 h3 25. Nd2 hxg2+ 26. Kxg2 Nh4+ 27. Kh1 gxf3 28. Rf1 Qg5 29. Rg1 Bxg1 30. Qxg1 Qxd2 31. Ra2 Qg2+ 32. Qxg2 fxg2+ 33. Kg1 Be6 0-1

[Event "22nd ETCC Women 2019"]
[Site "Batumi"]
[Date "2019.10.27"]
[Round "4.28"]
[White "Sliwicka, Alicja"]
[Black "Lahav, Michal"]
[Result "1/2-1/2"]
[ECO "C12"]
[WhiteElo "2307"]
[BlackElo "2221"]
[Annotator "NA"]
[PlyCount "41"]
[EventDate "2019.10.24"]
[EventType "team-tourn"]
[EventCountry "GEO"]
[SourceTitle "playchess.com"]
[Source "ChessBase"]
[SourceQuality "1"]
[WhiteTeam "Poland"]
[BlackTeam "Israel"]
[WhiteTeamCountry "POL"]
[BlackTeamCountry "ISR"]
[TimeControl "40/5400+30:1800+30"]

1. e4 e6 2. d4 d5 3. Nc3 Nf6 4. Bg5 Bb4 5. e5 h6 6. Be3 Ne4 7. Qg4 Kf8 8. a3 Bxc3+ 9. bxc3 c5 10. Bd3 Nxc3 11. dxc5 Nc6 12. Nf3 f5 13. exf6 Qxf6 14. Qh5 e5 15. Bg6 Be6 16. O-O Kg8 17. Rae1 Ne7 18. Bd3 Nc6 19. Bg6 Ne7 20. Bd3 Nc6 21. Bg6 1/2-1/2

[Event "22nd ETCC Women 2019"]
[Site "Batumi"]
[Date "2019.10.27"]
[Round "4.28"]
[White "Kyrkjebo, Marte B."]
[Black "Tamrazyan, Gohar"]
[Result "1-0"]
[ECO "B31"]
[WhiteElo "1871"]
[BlackElo "1955"]
[Annotator "NA"]
[PlyCount "111"]
[EventDate "2019.10.24"]
[EventType "team-tourn"]
[EventCountry "GEO"]
[SourceTitle "playchess.com"]
[Source "ChessBase"]
[SourceQuality "1"]
[WhiteTeam "Norway"]
[BlackTeam "Switzerland"]
[WhiteTeamCountry "NOR"]
[BlackTeamCountry "SUI"]
[TimeControl "40/5400+30:1800+30"]

1. e4 c5 2. Nf3 Nc6 3. Bb5 g6 4. Bxc6 dxc6 5. d3 Bg7 6. h3 Nf6 7. O-O O-O 8. Nc3 e5 9. Be3 b6 10. Qd2 Qd6 11. Nh2 Nh5 12. Bh6 Bxh6 13. Qxh6 Nf4 14. Nf3 f6 15. Qh4 Ne6 16. Qg3 Nd4 17. Rac1 Rf7 18. Rfe1 Be6 19. b3 a5 20. a4 Nxc2 21. Rxc2 Qxd3 22. Rec1 Bxb3 23. Rb2 Bxa4 24. Nxa4 Qa3 25. Nxe5 Qxg3 26. fxg3 fxe5 27. Rxb6 Rd7 28. Rxc6 Rd4 29. Nxc5 a4 30. Ra1 a3 31. Ra6 Rxa6 32. Nxa6 Rxe4 33. Rxa3 Kf7 34. Nc5 Rc4 35. Nd3 Kf6 36. Kf2 Rc2+ 37. Kf3 e4+ 38. Kxe4 Rxg2 39. Nf4 Rb2 40. Ra7 Rb3 41. Nd5+ Kg5 42. Ne3 h5 43. Ra5+ Kh6 44. h4 Rb6 45. Rg5 Rb4+ 46. Ke5 Rb5+ 47. Nd5 Ra5 48. Kf6 Ra6+ 49. Kf7 Ra7+ 50. Ne7 Kh7 51. Rxg6 Rb7 52. Re6 Rb3 53. Nf5 Rb7+ 54. Kf6 Rb8 55. Kg5 Re8 56. Re7+ 1-0

[Event "22nd ETCC Women 2019"]
[Site "Batumi"]
[Date "2019.10.27"]
[Round "4.29"]
[White "Milliet, Sophie"]
[Black "Hagarova, Zuzana"]
[Result "1-0"]
[ECO "B31"]
[WhiteElo "2400"]
[BlackElo "2295"]
[Annotator "NA"]
[PlyCount "85"]
[EventDate "2019.10.24"]
[EventType "team-tourn"]
[EventCountry "GEO"]
[SourceTitle "playchess.com"]
[Source "ChessBase"]
[SourceQuality "1"]
[WhiteTeam "France"]
[BlackTeam "Slovakia"]
[WhiteTeamCountry "FRA"]
[BlackTeamCountry "SVK"]
[TimeControl "40/5400+30:1800+30"]

1. e4 c5 2. Nf3 Nc6 3. Bb5 g6 4. Bxc6 bxc6 5. d4 cxd4 6. Qxd4 f6 7. c4 Nh6 8. O-O Bg7 9. Bxh6 Bxh6 10. Rd1 O-O 11. c5 Qc7 12. Na3 Rb8 13. Nc4 Ba6 14. Qc3 Rbd8 15. Nd4 Bg7 16. Re1 Kh8 17. Rad1 Qf4 18. g3 Qg4 19. Ne3 Qh3 20. Qa5 Bb7 21. Qc7 e5 22. Nf3 Bc8 23. Nc4 Qe6 24. b3 d5 25. cxd6 Rd7 26. Qa5 Qg4 27. Kg2 Rb7 28. Ng1 Be6 29. Qc5 Bd7 30. Na5 Rb6 31. h3 Qe6 32. Qc4 Qe8 33. Qe2 Qc8 34. Nc4 Qa6 35. Nxb6 Qxb6 36. Nf3 Qb7 37. Qe3 f5 38. exf5 c5 39. Kg1 Rxf5 40. Nh4 Rh5 41. Qxc5 Rxh4 42. gxh4 Qf3 43. Qd5 1-0

[Event "22nd ETCC Women 2019"]
[Site "Batumi"]
[Date "2019.10.27"]
[Round "4.30"]
[White "Movsesian, Julia"]
[Black "Guichard, Pauline"]
[Result "0-1"]
[ECO "C44"]
[WhiteElo "2307"]
[BlackElo "2407"]
[Annotator "NA"]
[PlyCount "60"]
[EventDate "2019.10.24"]
[EventType "team-tourn"]
[EventCountry "GEO"]
[SourceTitle "playchess.com"]
[Source "ChessBase"]
[SourceQuality "1"]
[WhiteTeam "Slovakia"]
[BlackTeam "France"]
[WhiteTeamCountry "SVK"]
[BlackTeamCountry "FRA"]
[TimeControl "40/5400+30:1800+30"]

1. e4 e5 2. Nf3 Nc6 3. g3 Nf6 4. d3 d5 5. exd5 Nxd5 6. Bg2 Bc5 7. O-O O-O 8. Nbd2 Bg4 9. h3 Bh5 10. Re1 Re8 11. a3 a5 12. Ne4 Ba7 13. Bg5 f6 14. c4 fxg5 15. cxd5 Qxd5 16. g4 Bg6 17. Nfxg5 Qb5 18. Qc2 Rf8 19. Rf1 Rae8 20. Nc3 Qa6 21. Qb3+ Kh8 22. Be4 Nd4 23. Qd5 Qf6 24. Qxb7 Qxg5 25. Qxa7 Qf4 26. Kg2 Bxe4+ 27. Nxe4 Qf3+ 28. Kh2 Qxd3 29. Ng3 Qc2 30. Kg2 Qc6+ 0-1

[Event "22nd ETCC Women 2019"]
[Site "Batumi"]
[Date "2019.10.27"]
[Round "4.31"]
[White "Skripchenko, Almira"]
[Black "Cibickova, Zuzana"]
[Result "1-0"]
[ECO "C55"]
[WhiteElo "2403"]
[BlackElo "2258"]
[Annotator "NA RC"]
[PlyCount "85"]
[EventDate "2019.10.24"]
[EventType "team-tourn"]
[EventCountry "GEO"]
[SourceTitle "playchess.com"]
[Source "ChessBase"]
[SourceQuality "1"]
[WhiteTeam "France"]
[BlackTeam "Slovakia"]
[WhiteTeamCountry "FRA"]
[BlackTeamCountry "SVK"]
[TimeControl "40/5400+30:1800+30"]

1. e4 e5 2. Nf3 Nc6 3. Bc4 Nf6 4. d3 Be7 5. O-O O-O 6. Re1 d6 7. a3 Na5 8. Ba2 c5 9. b4 Nc6 10. bxc5 dxc5 11. h3 Be6 12. Bxe6 fxe6 13. Bb2 Nd7 14. a4 Nd4 15. Nbd2 Rc8 16. Nh2 Qc7 17. Ng4 Bg5 18. Nc4 Rf7 19. c3 Nc6 20. Nh2 Nb6 21. Qb3 Nxc4 22. Qxc4 Qd6 23. Nf3 Na5 24. Qa2 Bf4 25. Rad1 c4 26. d4 exd4 27. Rxd4 Qb6 28. e5 Qc7 29. Ba3 Nb3 30. Bd6 Qc6 31. Rdd1 Bh6 32. Nd4 Nxd4 33. Rxd4 Rf4 34. Rxf4 Bxf4 35. Qe2 Bh6 36. Qg4 Re8 37. Re4 Qxa4 38. Rxc4 Qb3 39. Rc7 g6 40. Kh2 Bg7 41. Qf3 Kh8 42. Qf7 Rg8 43. Bf8 1-0

[Event "22nd ETCC Women 2019"]
[Site "Batumi"]
[Date "2019.10.27"]
[Round "4.32"]
[White "Motycakova, Monika"]
[Black "Navrotescu, Andreea-Cristiana"]
[Result "0-1"]
[ECO "C03"]
[WhiteElo "2126"]
[BlackElo "2241"]
[Annotator "NA"]
[PlyCount "72"]
[EventDate "2019.10.24"]
[EventType "team-tourn"]
[EventCountry "GEO"]
[SourceTitle "playchess.com"]
[Source "ChessBase"]
[SourceQuality "1"]
[WhiteTeam "Slovakia"]
[BlackTeam "France"]
[WhiteTeamCountry "SVK"]
[BlackTeamCountry "FRA"]
[TimeControl "40/5400+30:1800+30"]

1. e4 e6 2. d4 d5 3. Nd2 Be7 4. e5 Nh6 5. Bd3 c5 6. c3 Nc6 7. Ne2 Nf5 8. Nf3 O-O 9. O-O cxd4 10. cxd4 f6 11. Bd2 fxe5 12. dxe5 Qb6 13. Bc3 Kh8 14. Qa4 d4 15. Bxf5 dxc3 16. Be4 Bd7 17. Nxc3 Nxe5 18. Qc2 Nxf3+ 19. Bxf3 Rxf3 20. gxf3 Rf8 21. Kg2 Qc5 22. Qd3 Bc6 23. Ne4 Qh5 24. Rfe1 Bd8 25. Re3 Bb6 26. Rae1 Bxe3 27. Rxe3 Qg6+ 28. Kf1 a6 29. Ke1 Qg1+ 30. Qf1 Qxh2 31. Qd3 Qh4 32. Ng3 Rd8 33. Qc3 Bb5 34. Rxe6 Qh2 35. Nf1 Bxf1 36. Qd4 Rg8 0-1

[Event "22nd ETCC Women 2019"]
[Site "Batumi"]
[Date "2019.10.27"]
[Round "4.33"]
[White "Batsiashvili, Nino"]
[Black "Tsolakidou, Stavroula"]
[Result "1/2-1/2"]
[ECO "A17"]
[WhiteElo "2422"]
[BlackElo "2431"]
[Annotator "NA"]
[PlyCount "236"]
[EventDate "2019.10.24"]
[EventType "team-tourn"]
[EventCountry "GEO"]
[SourceTitle "playchess.com"]
[Source "ChessBase"]
[SourceQuality "1"]
[WhiteTeam "Georgia"]
[BlackTeam "Greece"]
[WhiteTeamCountry "GEO"]
[BlackTeamCountry "GRE"]
[TimeControl "40/5400+30:1800+30"]

1. Nf3 Nf6 2. c4 e6 3. Nc3 Bb4 4. Qc2 O-O 5. a3 Bxc3 6. Qxc3 b6 7. b4 Ne4 8. Qc2 f5 9. d3 Nf6 10. e4 d6 11. Bb2 c5 12. exf5 e5 13. Nh4 Nc6 14. g3 Bd7 15. Bg2 Rc8 16. O-O Ng4 17. Rae1 Nh6 18. f4 Nxf5 19. Nxf5 Bxf5 20. fxe5 dxe5 21. Bd5+ Kh8 22. bxc5 bxc5 23. Bxe5 Nxe5 24. Rxe5 Bg6 25. Ree1 Rxf1+ 26. Rxf1 Qe7 27. Qd2 Re8 28. Bc6 Rd8 29. Re1 Qf6 30. Bd5 Rf8 31. Be4 Bxe4 32. dxe4 Qe5 33. Rf1 Re8 34. Qd5 Qc7 35. e5 h6 36. e6 Qe7 37. Re1 Rd8 38. Qe5 Re8 39. a4 Kg8 40. a5 a6 41. Qd5 Rd8 42. Qc6 Rd2 43. Qxa6 Qf8 44. Rf1 Qd8 45. Qb7 Qd4+ 46. Kh1 Qxc4 47. Qf7+ Kh7 48. Qf5+ Kh8 49. Rf2 Rxf2 50. Qxf2 Qd5+ 51. Kg1 Qd1+ 52. Kg2 Qd5+ 53. Qf3 Qa2+ 54. Kf1 Qxe6 55. Qf8+ Kh7 56. Qxc5 Qa6+ 57. Kf2 Qf6+ 58. Kg2 Qb2+ 59. Kh3 Qe2 60. Qf5+ Kh8 61. Qd5 Qf1+ 62. Kg4 Qe2+ 63. Kf4 Qf2+ 64. Ke5 Qe2+ 65. Kd6 Qxh2 66. Qd3 Qf2 67. a6 Qb6+ 68. Ke5 Qf6+ 69. Kd5 Qd8+ 70. Ke4 Qb6 71. Qc4 Kh7 72. Kf3 Qf6+ 73. Ke3 Qb6+ 74. Kf3 Qf6+ 75. Kg2 Qb2+ 76. Kh3 Qf2 77. Qe4+ Kh8 78. Qf4 Qb6 79. Qf8+ Kh7 80. Qf5+ Kh8 81. Qc8+ Kh7 82. Qc2+ Kh8 83. Qa2 Qa7 84. Qa5 Qd7+ 85. Kh2 Qa7 86. Qa2 Kh7 87. Kg2 Qa8+ 88. Kg1 Qa7+ 89. Kf1 Kh8 90. Qe6 Qd4 91. Qa2 Qa7 92. Qa3 Kh7 93. Qd3+ Kh8 94. Kg2 Qa8+ 95. Kg1 Qa7+ 96. Kf1 Qf7+ 97. Kg2 Qa7 98. Qc4 Qe3 99. Qc8+ Kh7 100. Qf5+ Kh8 101. Qf2 Qe4+ 102. Kh2 Qd5 103. Qe2 Qc5 104. Qe8+ Kh7 105. Qe4+ Kh8 106. Qe2 Qa7 107. Kg2 Qa8+ 108. Kf2 Qa7+ 109. Kf1 Qf7+ 110. Ke1 Qa7 111. Qd3 Qe7+ 112. Kd1 Qa7 113. Kc2 Qc5+ 114. Kb3 Qb6+ 115. Ka4 Qc6+ 116. Qb5 Qc2+ 117. Kb4 Qd2+ 118. Kc5 Qe3+ 1/2-1/2

[Event "22nd ETCC Women 2019"]
[Site "Batumi"]
[Date "2019.10.27"]
[Round "4.34"]
[White "Avramidou, Anastasia"]
[Black "Khomeriki, Nino"]
[Result "1/2-1/2"]
[ECO "E21"]
[WhiteElo "2247"]
[BlackElo "2315"]
[Annotator "NA"]
[PlyCount "258"]
[EventDate "2019.10.24"]
[EventType "team-tourn"]
[EventCountry "GEO"]
[SourceTitle "playchess.com"]
[Source "ChessBase"]
[SourceQuality "1"]
[WhiteTeam "Greece"]
[BlackTeam "Georgia"]
[WhiteTeamCountry "GRE"]
[BlackTeamCountry "GEO"]
[TimeControl "40/5400+30:1800+30"]

1. d4 Nf6 2. c4 e6 3. Nc3 Bb4 4. Nf3 d5 5. g3 dxc4 6. Bg2 c6 7. O-O b5 8. Qc2 a5 9. a4 Ba6 10. Ne5 Nd5 11. axb5 cxb5 12. Nxd5 exd5 13. Nxf7 Kxf7 14. Qf5+ Ke8 15. Bxd5 Ra7 16. Bg5 Qb6 17. Qe5+ Be7 18. Ra3 h6 19. Bf4 Nd7 20. Qxg7 Rf8 21. Re3 Qf6 22. Qg4 Kd8 23. Be6 Bc8 24. d5 Ra6 25. Rf3 Qxb2 26. d6 Bxd6 27. Bxd6 Rxd6 28. Rxf8+ Nxf8 29. Bxc8 Qd4 30. Qf5 Rf6 31. Qxb5 Kxc8 32. Rc1 Qxf2+ 33. Kh1 Nd7 34. Rxc4+ Kd8 35. Qxa5+ Nb6 36. Qd2+ Nd7 37. Qa5+ Rb6 38. Qa8+ Rb8 39. Qa5+ Rb6 40. Qa8+ Ke7 41. Qa3+ Kd8 42. Qa8+ Rb8 43. Qa5+ Qb6 44. Qxb6+ Rxb6 45. Kg2 Ke7 46. g4 Ke6 47. Kg3 Ne5 48. Ra4 Ng6 49. Ra3 Kf6 50. Rf3+ Ke5 51. Re3+ Kd4 52. Rd3+ Ke4 53. Ra3 Ne5 54. Kh4 Kf4 55. Ra4+ Ke3 56. g5 Nf7 57. gxh6 Rxh6+ 58. Kg3 Nd6 59. Ra3+ Kxe2 60. Ra2+ Ke3 61. Ra3+ Ke4 62. Ra4+ Ke5 63. Ra5+ Kf6 64. Ra6 Kg5 65. h4+ Kf5 66. Ra5+ Kf6 67. Kg4 Rh8 68. Ra6 Rg8+ 69. Kf4 Rd8 70. Kg4 Kg7 71. Ra7+ Nf7 72. Ra4 Rd5 73. Ra7 Rd6 74. Ra4 Nh6+ 75. Kg3 Kg6 76. Rb4 Ra6 77. Rb5 Ra3+ 78. Kf4 Ra4+ 79. Ke5 Rxh4 80. Rb6+ Kg5 81. Rb8 Rh1 82. Rb4 Ng4+ 83. Ke6 Re1+ 84. Kd6 Nf6 85. Rb5+ Kf4 86. Rb4+ Ne4+ 87. Ke6 Rc1 88. Ra4 Rc5 89. Ra1 Re5+ 90. Kd7 Rb5 91. Ke6 Rb6+ 92. Kd5 Rd6+ 93. Kc4 Rd8 94. Ra7 Nd2+ 95. Kc3 Ke3 96. Re7+ Ne4+ 97. Kc4 Rd4+ 98. Kb5 Kd3 99. Re6 Nc3+ 100. Kc5 Rd5+ 101. Kc6 Kc4 102. Rd6 Re5 103. Rd2 Ra5 104. Kd7 Ne4 105. Rd1 Ra6 106. Ke7 Nc3 107. Rd6 Ra7+ 108. Ke6 Rh7 109. Rd2 Ne4 110. Rd8 Rh5 111. Rd1 Nc5+ 112. Kf6 Nd3 113. Rg1 Nf2 114. Rg2 Ne4+ 115. Ke6 Kd4 116. Ra2 Re5+ 117. Kf7 Rf5+ 118. Ke6 Rf6+ 119. Ke7 Rc6 120. Rh2 Ng5 121. Rh5 Nf3 122. Ra5 Ne5 123. Ra4+ Kd5 124. Ra5+ Ke4 125. Ra1 Nd3 126. Rh1 Kd5 127. Rd1 Ke4 128. Rh1 Ne5 129. Re1+ Kd4 1/2-1/2

[Event "22nd ETCC Women 2019"]
[Site "Batumi"]
[Date "2019.10.27"]
[Round "4.35"]
[White "Gvetadze, Sofio"]
[Black "Pavlidou, Ekaterini"]
[Result "1-0"]
[ECO "B30"]
[WhiteElo "2297"]
[BlackElo "2183"]
[Annotator "NA"]
[PlyCount "85"]
[EventDate "2019.10.24"]
[EventType "team-tourn"]
[EventCountry "GEO"]
[SourceTitle "playchess.com"]
[Source "ChessBase"]
[SourceQuality "1"]
[WhiteTeam "Georgia"]
[BlackTeam "Greece"]
[WhiteTeamCountry "GEO"]
[BlackTeamCountry "GRE"]
[TimeControl "40/5400+30:1800+30"]

1. e4 c5 2. Nf3 Nc6 3. Bb5 Nf6 4. Bxc6 dxc6 5. d3 Qc7 6. h3 e5 7. O-O h6 8. Be3 Be6 9. Nbd2 O-O-O 10. a3 g5 11. b4 g4 12. hxg4 Bxg4 13. bxc5 Be7 14. Qb1 Rdg8 15. Kh1 Nh5 16. Qb2 f6 17. Nh2 Rh7 18. Qb3 Rhg7 19. Nc4 Nf4 20. Bxf4 exf4 21. d4 Be2 22. Rg1 Qd7 23. Rab1 Kb8 24. Na5 Ba6 25. Qf3 Ka8 26. Nb3 f5 27. exf5 Qxf5 28. Qc3 Qd5 29. Qf3 Bh4 30. Nd2 Qf5 31. c4 Bf6 32. d5 cxd5 33. cxd5 Bd4 34. c6 Bb6 35. Rbc1 bxc6 36. dxc6 Bc7 37. Nb3 Re7 38. Nc5 Be2 39. Qb3 Qc8 40. Rb1 Bb6 41. Nd7 Rg6 42. Qa4 Bxf2 43. Qb4 1-0

[Event "22nd ETCC Women 2019"]
[Site "Batumi"]
[Date "2019.10.27"]
[Round "4.36"]
[White "Makropoulou, Marina"]
[Black "Mikadze, Miranda"]
[Result "1/2-1/2"]
[ECO "B18"]
[WhiteElo "2201"]
[BlackElo "2279"]
[Annotator "NA"]
[PlyCount "65"]
[EventDate "2019.10.24"]
[EventType "team-tourn"]
[EventCountry "GEO"]
[SourceTitle "playchess.com"]
[Source "ChessBase"]
[SourceQuality "1"]
[WhiteTeam "Greece"]
[BlackTeam "Georgia"]
[WhiteTeamCountry "GRE"]
[BlackTeamCountry "GEO"]
[TimeControl "40/5400+30:1800+30"]

1. e4 c6 2. d4 d5 3. Nc3 dxe4 4. Nxe4 Bf5 5. Ng3 Bg6 6. Nf3 Nd7 7. Bd3 e6 8. O-O Ngf6 9. Re1 Be7 10. b3 O-O 11. Bxg6 hxg6 12. Bb2 Qa5 13. Qe2 Rfe8 14. a3 c5 15. dxc5 Qxc5 16. c4 Rac8 17. Rad1 a5 18. Rc1 Qb6 19. Rb1 Qa6 20. a4 Nc5 21. Bc3 Red8 22. Ne5 b6 23. h4 Qb7 24. h5 g5 25. Qe3 Nh7 26. b4 axb4 27. Bxb4 Qc7 28. Qf3 Bd6 29. Bxc5 Bxc5 30. a5 f6 31. axb6 Bxb6 32. Ng6 Rb8 33. Rbc1 1/2-1/2

[Event "22nd ETCC Women 2019"]
[Site "Batumi"]
[Date "2019.10.28"]
[Round "5.1"]
[White "Goryachkina, Aleksandra"]
[Black "Hoang, Thanh Trang"]
[Result "1/2-1/2"]
[ECO "A90"]
[WhiteElo "2575"]
[BlackElo "2414"]
[Annotator "ChessBase"]
[PlyCount "80"]
[EventDate "2019.10.24"]
[EventType "team-tourn"]
[EventCountry "GEO"]
[SourceTitle "playchess.com"]
[Source "ChessBase"]
[SourceQuality "1"]
[WhiteTeam "Russia"]
[BlackTeam "Hungary"]
[WhiteTeamCountry "RUS"]
[BlackTeamCountry "HUN"]
[TimeControl "40/5400+30:1800+30"]

1. d4 e6 2. c4 f5 3. g3 Nf6 4. Bg2 c6 5. Nf3 d5 6. Bf4 Nbd7 7. O-O h6 8. Qc2 g5 9. Bd2 Ne4 10. Nc3 Bg7 11. Rad1 Nxd2 12. Rxd2 O-O 13. b3 Qe7 14. Na4 dxc4 15. Qxc4 Kh8 16. Rfd1 Rb8 17. Qc2 e5 18. Nxe5 Nxe5 19. dxe5 Qxe5 20. Nc5 f4 21. Nd7 Bxd7 22. Rxd7 Qf6 23. R1d6 Qa1+ 24. Bf1 Rf6 25. Rd8+ Rxd8 26. Rxd8+ Rf8 27. Rxf8+ Bxf8 28. Qf5 Qg7 29. Bh3 b6 30. Bg4 Bc5 31. Kg2 Qd4 32. Kh3 fxg3 33. fxg3 Kg7 34. Bf3 Qf6 35. Qd7+ Qf7 36. Qxc6 h5 37. g4 hxg4+ 38. Bxg4 Qf1+ 39. Qg2 Qxg2+ 40. Kxg2 Kf6 1/2-1/2

[Event "22nd ETCC Women 2019"]
[Site "Batumi"]
[Date "2019.10.28"]
[Round "5.1"]
[White "Tsolakidou, Stavroula"]
[Black "Koridze, Lile"]
[Result "1/2-1/2"]
[ECO "B67"]
[WhiteElo "2431"]
[BlackElo "1988"]
[Annotator "NA"]
[PlyCount "70"]
[EventDate "2019.10.24"]
[EventType "team-tourn"]
[EventCountry "GEO"]
[SourceTitle "playchess.com"]
[Source "ChessBase"]
[SourceQuality "1"]
[WhiteTeam "Greece"]
[BlackTeam "Georgia"]
[WhiteTeamCountry "GRE"]
[BlackTeamCountry "GEO"]
[TimeControl "40/5400+30:1800+30"]

1. e4 c5 2. Nf3 d6 3. d4 cxd4 4. Nxd4 Nf6 5. Nc3 Nc6 6. Bg5 e6 7. Qd2 a6 8. O-O-O Bd7 9. f4 b5 10. Bxf6 gxf6 11. Kb1 h5 12. Nxc6 Bxc6 13. Qe1 Bh6 14. g3 Qe7 15. Bg2 O-O-O 16. Qf2 Qb7 17. Rd4 f5 18. Rhd1 Bf8 19. Qd2 Be7 20. Bh3 Bf6 21. exf5 Bxd4 22. Qxd4 Rhe8 23. fxe6 fxe6 24. Qf6 Qe7 25. Qg6 Kb8 26. Qxh5 Rh8 27. Qg4 Qh7 28. Bf1 Qxh2 29. Qxe6 Qxg3 30. Qf6 Qe3 31. a3 Rhf8 32. Qd4 Qxd4 33. Rxd4 Rde8 34. Bd3 Kc7 35. b3 Re1+ 1/2-1/2